 Dungeon Crawl Stone Soup version 0.18-a0-1774-gce1f7b6 (webtiles) character file.

308 namelastname112 the Slasher (level 6, 0/53 HPs)
             Began as a Draconian Chaos Knight on Apr 15, 2016.
             Slain by an orc wizard
             ... wielding a +0 dagger
              (2 damage)
             ... on level 3 of the Dungeon.
             The game lasted 00:04:20 (2331 turns).

namelastname112 the Slasher (DrCK)                  Turns: 2331, Time: 00:04:21

Health: 0/53       AC:  9    Str: 15    XL:     6   Next: 17%
Magic:  6/6        EV: 13    Int: 12    God:    Xom [...*..]
Gold:   177        SH:  0    Dex: 12    Spells: 0 memorised, 5 levels left

rFire  . . .     SeeInvis .     a - +0 falchion (chaos)
rCold  . . .     Gourm    .     (armour unavailable)
rNeg   . . .     Faith    .     (no shield)
rPois  .         Spirit   .     g - +2 hat
rElec  .         Dismiss  .     n - +0 cloak
rCorr  .         Reflect  .     (no gloves)
SustAt .         Harm     .     (no boots)
MR     .....                    (no amulet)
Stlth  +.........               (no ring)
                                (no ring)

@: not resistant to hostile enchantments, very unstealthy
A: unfitting armour, horns 1, cold-blooded, AC +6
a: Renounce Religion


You were on level 3 of the Dungeon.
You worshipped Xom.
You were a favourite toy of Xom.
You were not hungry.

You visited 1 branch of the dungeon, and saw 3 of its levels.

You collected 177 gold pieces.

Inventory:

Hand Weapons
 a - a +0 falchion of chaos (weapon)
Armour
 g - a +2 hat (worn)
 n - a +0 cloak (worn)
Jewellery
 i - a cursed ring of loudness {unknown}
 v - an uncursed amulet of the gourmand {unknown}
Scrolls
 c - 7 scrolls of identify {unknown}
 e - 2 scrolls of enchant armour {unknown}
 o - 2 scrolls of magic mapping {unknown}
 q - a scroll of random uselessness {unknown}
 t - 3 scrolls of remove curse {unknown}
Potions
 p - a potion of curing
Books
 r - a Necronomicon

   Spells                             Type                      Level
   a - Haunt                          Necromancy/Summoning         7
   b - Borgnjor's Revivification      Necromancy                   8
   c - Death's Door                   Charms/Necromancy            8
   d - Necromutation                  Transmutation/Necromancy     8
Comestibles
 b - a bread ration
 f - 5 fruits
 h - a royal jelly
 j - a beef jerky
 s - 2 meat rations


   Skills:
 + Level 4.6 Fighting
 * Level 5.6 Long Blades
 + Level 3.3 Dodging


You had 5 spell levels left.
You didn't know any spells.

Dungeon Overview and Level Annotations

Branches:
Dungeon (3/15)

Altars:
Elyvilon
Gozag
Okawaru
Xom


Innate Abilities, Weirdness & Mutations

Your plain brown scales are hard (AC +6).
Your body does not fit into most forms of armour.
You are cold-blooded and may be slowed by cold attacks.
You have a pair of small horns on your head.


Message History

You closely miss something. Something hits you but does no damage.
Something hits you.
* * * LOW HITPOINT WARNING * * *
You take 6 damage, and have 15/53 hp.
You hit something. Something hits you but does no damage. Something hits you.
* * * LOW HITPOINT WARNING * * *
Something hits you.
* * * LOW HITPOINT WARNING * * *
You take 6 damage, and have 9/53 hp.
You closely miss something. Something hits you!
* * * LOW HITPOINT WARNING * * *
Something hits you but does no damage.
You take 7 damage, and have 2/53 hp.
You barely miss something. Something hits you but does no damage.
You hear some strange, mumbled words.
Something tries to affect you, but you resist.
You hit something. You tail-slap something. Something barely misses you.
Something hits you.
You die... "What!?
That's it?"

###########
#######.......... .
......'..........
....##########..........
..>...{@............####
......){................
.(..###############.####
... #########..### .
#..........)..
###.########'###
#...#...........
#.###........... #.#
#....(......


There were no monsters in sight!

Vanquished Creatures
  A black bear (shapeshifter) (D:3)
  2 orc priests (D:3)
  An orc wizard (D:3)
  4 adders
  2 worms
  11 dart slugs
  2 giant geckos (D:3)
  3 orcs (D:3)
  5 bats
  2 giant cockroaches (D:3)
  6 goblins
  6 hobgoblins
  10 jackals
  5 kobolds
  2 quokkas
  6 giant newts
  7 rats
75 creatures vanquished.

Vanquished Creatures (collateral kills)
  A jackal (D:3)
  A giant newt (D:3)
2 creatures vanquished.

Vanquished Creatures (others)
  A giant gecko (D:2)
1 creature vanquished.

Grand Total: 78 creatures vanquished

Notes
Turn   | Place    | Note
--------------------------------------------------------------
     0 | D:1      | namelastname112 the Draconian Chaos Knight began the quest for the Orb.
     0 | D:1      | Reached XP level 1. HP: 19/19 MP: 1/1
   156 | D:1      | Reached XP level 2. HP: 26/26 MP: 2/2
   326 | D:1      | XOM: harmless Conj miscast
   516 | D:2      | Found a shimmering altar of Xom.
   520 | D:2      | Reached XP level 3. HP: 22/31 MP: 3/3
   672 | D:2      | Reached skill level 4 in Long Blades
   675 | D:2      | XOM: god gift: hardcover book {god gift}
   680 | D:2      | XOM: mild Conj miscast
   714 | D:2      | Found an iron altar of Okawaru.
   719 | D:2      | epen: Одна из самых хуёвых идей в кравле знаешь какая?
   729 | D:2      | epen: Дать кобольду кураре
   729 | D:2      | namelastname112: лол
   729 | D:2      | namelastname112: нравится?
   761 | D:2      | epen: очень
   822 | D:2      | XOM: god gift: 15 poisoned arrows
   856 | D:2      | epen: я лучше поебусь со змеями
   859 | D:3      | Found a white marble altar of Elyvilon.
   896 | D:3      | Reached XP level 4. HP: 35/40 MP: 4/4
   902 | D:3      | XOM: confuse monster(s)
   911 | D:3      | XOM: silly message
   969 | D:3      | XOM: smoke on damage
   993 | D:3      | Noticed a centaur
   993 | D:3      | a jackal changed into a centaur
   993 | D:3      | Noticed a crocodile
   993 | D:3      | a centaur changed into a crocodile
   996 | D:3      | XOM: enchant monster (good)
  1000 | D:3      | Noticed a black bear
  1000 | D:3      | a crocodile changed into a black bear
  1007 | D:3      | XOM: divination: detect items
  1021 | D:3      | Killed a black bear
  1021 | D:3      | Reached skill level 5 in Long Blades
  1021 | D:3      | Reached XP level 5. HP: 12/47 MP: 5/5
  1032 | D:3      | Gained mutation: You have a pair of small horns on your head. [mutagenic meat]
  1282 | D:3      | XOM: divination: detect items
  1302 | D:3      | XOM: silly message
  1303 | D:3      | XOM: potion effect (agility)
  1687 | D:3      | XOM: god gift: scroll labeled ONITIKHL HENLI
  1750 | D:3      | Found an opulent altar of Gozag.
  1754 | D:3      | XOM: 2-stop teleportation journey
  1758 | D:3      | xeno23: ну короч нашел я щит резиста и отмутировал рц+
  1871 | D:3      | xeno23: теперь и гда ненужно
  1871 | D:3      | namelastname112: ну все
  1871 | D:3      | namelastname112: иди ады чисти
  1871 | D:3      | Reached XP level 6. HP: 53/53 MP: 6/6
  1875 | D:3      | xeno23: лел
  1948 | D:3      | XOM: medium Summ miscast
  1949 | D:3      | Noticed a sixfirhy
  1950 | D:3      | namelastname112: блять
  1950 | D:3      | xeno23: пиздец
  1950 | D:3      | namelastname112: вот и че мне делать?
  1950 | D:3      | xeno23: всё рип
  1951 | D:3      | xeno23: его ксом призвал?
  1952 | D:3      | xeno23: что случилось
  2184 | D:3      | namelastname112: да
  2184 | D:3      | namelastname112: ксом
  2184 | D:3      | namelastname112: кто еще
  2284 | D:3      | xeno23: ни разу такой хуйни со мной не делал
  2329 | D:3      | HP: 2/53 [something (7)]
  2331 | D:3      | Slain by an orc wizard

Vault maps used:
D:1:      onia_arrival_pyramid
D:2:      xom_teletrap_fun, okawaru_metal_pillars_3
D:3:      kennysheep_slugbush, lemuel_crystal_altar, grunt_gozag_statues,
          serial_bayou_lagoon_a

Skill      XL: |  1  2  3  4  5 |
---------------+----------------+-----
Long Blades    | 4 5 |  5.6
Fighting       | 4 |  4.6
Dodging        | 3 |  3.3

Action                   |  1- 3 |  4- 6 || total
-------------------------+-------+-------++-------
Melee: Falchion          |   135 |   123 ||   258
       Tailslap          |    20 |    10 ||    30
       Headbutt          |       |    10 ||    10
  Use: Scroll            |       |     1 ||     1
       Potion            |       |     7 ||     7
 Stab: Petrified         |     1 |     2 ||     3
       Sleeping          |     1 |       ||     1
  Eat: Chunk             |       |     6 ||     6
Armor: Skin              |    50 |    68 ||   118
Dodge: Dodged            |   104 |   124 ||   228
